 Dungeon Crawl Stone Soup version 0.22-a0-756-gc33bbe721d (webtiles) character file.

28 Kriby the Magician (level 2, -5/16 HPs)
             Began as a Deep Elf Warper on July 16, 2018.
             Slain by a gnoll (8 damage)
             ... on level 1 of the Dungeon.
             The game lasted 00:02:02 (1209 turns).

Kriby the Magician (Deep Elf Warper)                Turns: 1209, Time: 00:02:03

Health: -5/16      AC:  3    Str:  8    XL:     2   Next: 96%
Magic:  9/9        EV: 12    Int: 17    God:
Gold:   25         SH:  0    Dex: 14    Spells: 9/9 levels left

rFire    . . .     SeeInvis .   a - +0 short sword
rCold    . . .     Gourm    .   (no shield)
rNeg     . . .     Faith    .   b - +0 leather armour
rPois    .         Spirit   .   (no helmet)
rElec    .         Reflect  .   (no cloak)
rCorr    .         Harm     .   (no gloves)
MR       .....                  (no boots)
Stlth    +.........             (no amulet)
HPRegen  0.05/turn              (no ring)
MPRegen  0.11/turn              (no ring)

@: very slightly contaminated, invisible
A: no striking features
a: no special abilities


You were on level 1 of the Dungeon.
You were not hungry.

You visited 1 branch of the dungeon, and saw 2 of its levels.

You collected 25 gold pieces.

Inventory:

Hand Weapons
 a - a +0 short sword (weapon)
Missiles
 e - 5 tomahawks of dispersal (quivered)
 g - 3 javelins
Armour
 b - a +0 leather armour (worn)
Scrolls
 d - a scroll of blinking {@r4}
 k - a scroll of noise {unknown}
Potions
 h - a potion of curing {unknown}
 i - a potion of mutation {unknown}
 j - a potion of invisibility
Comestibles
 c - 5 chunks of flesh
 f - a ration {@e1}


   Skills:
 - Level 1.5 Fighting
 - Level 2.0 Short Blades
 - Level 1.0 Throwing
 - Level 0.7 Armour
 + Level 3.1 Dodging
 * Level 4.3 Spellcasting
   Level 3.2 Translocations


You had 9 spell levels left.
You didn't know any spells.
Your spell library contained the following spells:

 Spells                   Type           Power        Failure   Level  Hunger
 Teleport Other           Tloc           ##......     17%         3    ###....
 Blink                    Tloc           N/A          9%          2    ##.....
 Passage of Golubria      Tloc           N/A          50%         4    ####...
 Shroud of Golubria       Chrm/Tloc      #.........   17%         2    ##.....
 Gell's Gravitas          Tloc           ##........   17%         3    ###....
 Lesser Beckoning         Tloc           ##........   17%         3    ###....


Dungeon Overview and Level Annotations

Branches:
Dungeon (2/15)

Altars:


Message History

The gnoll hits you but does no damage.
You hit the gnoll.
The gnoll is moderately wounded.
You hit the gnoll.
The gnoll is severely wounded.
The gnoll hits you.
* * * LOW HITPOINT WARNING * * *
It was a potion of invisibility.
You fade into invisibility!
The gnoll barely misses you.
You are very lightly contaminated with residual magic.
You strike the helpless gnoll from behind!
You hit the gnoll.
The gnoll is almost dead.
The gnoll closely misses you.
You barely miss the gnoll.
The gnoll is almost dead.
The gnoll hits you!
Ouch! That really hurt!
You die...

####...##. #####......##.
#...#.##...##.
#.#.#.##......
#.#.#.##....## #######
#.#.#.##....#. #.....#
#.#.#.##....#.
#.....######.#.#.........
#...รท...@g>..............
#.....###.#...........##.
#.....................##.
#.....####.#..........##.
#.....# #.#...........#.
#.....# #.....##...##...
####### #..##.##.#.#####
##########...#.........##
#...............##......#


You could see a gnoll.

Vanquished Creatures
  3 dart slugs (D:1)
  A leopard gecko (D:1)
  3 bats (D:1)
  2 giant cockroaches (D:1)
  6 goblins (D:1)
  A hobgoblin (D:1)
  2 kobolds (D:1)
  A rat (D:1)
19 creatures vanquished.

Notes
Turn   | Place    | Note
-------+----------+-------------------------------------------
     0 | D:1      | Kriby the Deep Elf Warper began the quest for the Orb.
     0 | D:1      | Reached XP level 1. HP: 12/12 MP: 6/6
   233 | D:1      | Reached XP level 2. HP: 12/16 MP: 8/8
   522 | D:1      | Reached skill level 4 in Spellcasting
  1209 | D:1      | Slain by a gnoll

Vault maps used:
D:1:      saegor_arrival_under_anarchy, hangedman_decor_points,
          serial_bayou_lake_a
D:2:      minmay_misc_feat_four_crosses, uniq_sigmund

Skill      XL: |  1  2 |
---------------+-------+-----
Spellcasting   | 4 |  4.3
Dodging        | 3 |  3.1
Fighting       | |  1.5
Short Blades   | |  2.0
Throwing       | |  1.0
Armour         | |  0.7
Translocations | |  3.2

Action                   || total
-------------------------++-------
Melee: Short sword       ||    81
  Use: Potion            ||     1
 Stab: Invisible         ||     1
  Eat: Chunk             ||     1
Armor: Leather armour    ||    36
Dodge: Dodged            ||    58

Table legend:
 A = Spawn XP
 B = Non-spawn XP
 C = Spawn XP percentage of total XP
 D = Spawn monster count
 E = Non-spawn monster count
 F = Spawn count percentage of total count
 G = Total turns spent on level
                    A         B        C        D         E        F      G
               +---------+---------+-------+---------+---------+-------+---------
         Total |       0 |      40 |   0.0 |       0 |      19 |   0.0 |  1209
               +---------+---------+-------+---------+---------+-------+---------
           D:1 |       0 |      40 |   0.0 |       0 |      19 |   0.0 |  1174
               +---------+---------+-------+---------+---------+-------+---------
